 Dungeon Crawl Stone Soup version 0.29.0-4-gdea44cf6ec (webtiles) character file.

Game seed: 12810858313387541515

99 qw the Chopper (level 4, 0/26 HPs)
             Began as a Tengu Warper on Aug 29, 2022.
             Succumbed to Ijyb's poison
             ... on level 3 of the Dungeon.
             The game lasted 00:01:09 (1770 turns).

qw the Chopper (Tengu Warper)                       Turns: 1770, Time: 00:01:10

Health: 0/26       AC:  6    Str: 13    XL:     4   Next: 72%
Magic:  8/8        EV: 11    Int: 14    God:
Gold:   100        SH:  0    Dex: 13    Spells: 7/7 levels left

rFire   . . .      SeeInvis .   Y - +0 hand axe
rCold   . . .      Faith    .   (no shield)
rNeg    . . .      Spirit   .   e - +0 ring mail
rPois   .          Reflect  .   (helmet restricted)
rElec   .          Harm     .   (no cloak)
rCorr   .          Rampage  .   d - +0 pair of gloves
Will    .....                   (boots unavailable)
Stlth   +.........              j - amulet of regeneration
HPRegen 0.88/turn               (no ring)
MPRegen 0.11/turn               (no ring)

@: lethally poisoned (0 -> -5)
A: beak, talons 3
a: no special abilities


You were on level 3 of the Dungeon.
You visited 1 branch of the dungeon, and saw 3 of its levels.

You collected 100 gold pieces.


Innate Abilities, Weirdness & Mutations

You have a beak for a mouth.
You have claws for feet.


   Skills:
 - Level 2.0 Fighting
 + Level 5.2 Axes
 - Level 1.0 Throwing
 - Level 1.1 Armour
 - Level 2.1 Dodging
 - Level 2.0 Spellcasting
 - Level 2.4 Translocations


You had 7 spell levels left.
You didn't know any spells.
Your spell library contained the following spells:

 Spells                   Type           Power      Damage    Failure   Level
 Blink                    Tloc           16%        N/A       28%         2
 Gell's Gravitas          Tloc           8%         N/A       50%         3
 Lesser Beckoning         Tloc           8%         N/A       50%         3
 Teleport Other           Tloc           8%         N/A       50%         3
 Manifold Assault         Tloc           8%         N/A       99%         5

Inventory:

Hand Weapons
 i - a +0 whip
 Y - a +0 hand axe (weapon)
Armour
 d - a +0 pair of gloves (worn)
 e - a +0 ring mail (worn)
Jewellery
 j - an amulet of regeneration (around neck)
Scrolls
 a - a scroll of identify
Potions
 f - a potion of ambrosia {unknown}
 g - a potion of resistance {unknown}

Dungeon Overview and Level Annotations

Branches:
Dungeon (3/15)

Altars:

Annotations:
D:3 Ijyb


Message History

Ijyb the Twisted Goblin comes into view.
She is wielding a +2 dagger of venom and carrying a wand of acid (11).
Ijyb shouts!
You hear a shout!
Ijyb hits you with a +2 dagger of venom.
You hit Ijyb. Your kick misses Ijyb.
Ijyb is lightly wounded.
Ijyb hits you with a +2 dagger of venom.
You are poisoned.
You hit Ijyb. Your kick misses Ijyb.
Ijyb is moderately wounded.
You feel sick.
Ijyb screams, "Me very upset!"
Ijyb hits you with a +2 dagger of venom.
You are more poisoned.
You hit Ijyb. You peck Ijyb, but do no damage.
Ijyb is moderately wounded.
You feel very sick. Ijyb hits you but does no damage.
You are more poisoned.
You hit Ijyb but do no damage. Your kick misses Ijyb.
You peck Ijyb, but do no damage.
Ijyb is moderately wounded.
You feel very sick.
Ijyb hits you with a +2 dagger of venom.
You are lethally poisoned!
You barely miss Ijyb.
Ijyb is moderately wounded.
You feel very sick.
Ijyb screams, "Level is mine!
All mine!"
Ijyb zaps a wand.
The bolt of acid misses you.
You closely miss Ijyb. You claw Ijyb, but do no damage.
Ijyb is moderately wounded.
You feel very sick. Ijyb hits you but does no damage.
You closely miss Ijyb.
Ijyb is moderately wounded.
You feel very sick.
Ijyb hits you with a +2 dagger of venom.
You hit Ijyb but do no damage. You claw Ijyb.
Ijyb is heavily wounded.
You die...

#.#[.....##.......# #...
#...##.#.##.......# #...
#...#.<#.#.##.####### #...
#.#....#.#.##.# #... #
#......#.##.# ##########...
>............. ........##...
............##.. .............
###########################...#
#....g@...............#
#.###################.#
......).. #######.. #.# #.# #.#
#.# ..#


You could see Ijyb.

Vanquished Creatures
  3 adders (D:2)
  3 worms
  A dart slug (D:2)
  3 orcs (D:3)
  2 ball pythons
  5 endoplasms
  8 giant cockroaches
  2 goblins (D:2)
  6 hobgoblins
  11 kobolds
  2 quokkas
  4 bats
  3 frilled lizards
  A rat (D:1)
54 creatures vanquished.

Notes
Turn   | Place    | Note
-------+----------+-------------------------------------------
     0 | D:1      | qw the Tengu Warper began the quest for the Orb.
     0 | D:1      | Reached XP level 1. HP: 12/12 MP: 4/4
     0 | D:1      | 0 ||| qw: Version: 0.1-a-89-g26bdef1
     0 | D:1      | 0 ||| qw: Game counter: 3617
     0 | D:1      | 0 ||| qw: Always use a shield: true
     0 | D:1      | 0 ||| qw: God list: Okawaru
     0 | D:1      | 0 ||| qw: Allow faded altars: false
     0 | D:1      | 0 ||| qw: Do Orc after D:15 true
     0 | D:1      | 0 ||| qw: Do second Lair branch before Depths: true
     0 | D:1      | 0 ||| qw: Lair rune preference: random
     0 | D:1      | 0 ||| qw: Plans: Normal
     0 | D:1      | 0 ||| PLANNING D:1-11
   149 | D:1      | Reached XP level 2. HP: 17/17 MP: 6/6
   164 | D:1      | Reached skill level 3 in Axes
   370 | D:1      | 370 ||| Stepping ~*~*~tactically~*~*~ (stealth).
   744 | D:1      | 744 ||| UPGRADING to +0 pair of gloves.
   749 | D:1      | 749 ||| UPGRADING to +0 ring mail.
   759 | D:1      | 759 ||| DROPPING +0 leather armour.
   760 | D:1      | 760 ||| UPGRADING to amulet of regeneration.
   765 | D:1      | 765 ||| READING 2 scrolls labelled YPNIW SAUXOGRA.
   766 | D:1      | 766 ||| READING 3 scrolls labelled YMUUXTAIKA.
   774 | D:1      | 774 ||| DROPPING scroll of blinking.
   775 | D:1      | 775 ||| DROPPING 2 scrolls of torment.
   831 | D:2      | 831 ||| STAIRDANCE
   868 | D:2      | Reached XP level 3. HP: 21/21 MP: 7/7
   873 | D:2      | Found a faded altar of an unknown god.
   891 | D:2      | Reached skill level 4 in Axes
  1215 | D:2      | Reached XP level 4. HP: 26/26 MP: 8/8
  1392 | D:2      | Reached skill level 5 in Axes
  1559 | D:2      | 1559 ||| READING scroll labelled XUHENN ORGHU.
  1560 | D:2      | 1560 ||| DRINKING 3 pink potions.
  1561 | D:2      | 1561 ||| DROPPING 2 potions of brilliance.
  1562 | D:2      | 1562 ||| Stepping randomly (stuck).
  1563 | D:2      | 1563 ||| Stepping ~*~*~tactically~*~*~ (cloud).
  1759 | D:3      | Noticed Ijyb
  1768 | D:3      | HP: 5/26 [poisoned by Ijyb]
  1769 | D:3      | HP: 2/26 [Ijyb/+2 dagger of venom (1)]
  1770 | D:3      | Succumbed to Ijyb's poison

Levels and vault maps discovered:
D:1:      amcnicky_arrival_choice, layout_basic
D:2:      layout_loops_ring, hellmonk_ecumenical_altar_leap_of_faith,
          minmay_worlds_worst_comb
D:3:      layout_basic, uniq_sigmund, uniq_ijyb

Skill      XL: |  1  2  3  4 |
---------------+-------------+-----
Axes           | 3 4 5 |  5.2
Fighting       | |  2.0
Throwing       | |  1.0
Armour         | |  1.1
Dodging        | |  2.1
Spellcasting   | |  2.0
Translocations | |  2.4

Action                   |  1- 3 |  4- 6 || total
-------------------------+-------+-------++-------
Melee: Hand axe          |    86 |    60 ||   146
       Kick              |    17 |    13 ||    30
       Peck              |    11 |     7 ||    18
Throw: Boomerang         |     7 |       ||     7
  Use: Scroll            |     2 |     1 ||     3
       Potion            |       |     1 ||     1
Armor: Leather armour    |     5 |       ||     5
       Ring mail         |    17 |    14 ||    31
Dodge: Dodged            |    31 |    24 ||    55

Table legend:
 A = Non-vault XP
 B = Vault XP
 C = Vault XP percentage of total XP
 D = Non-vault monster count
 E = Vault monster count
 F = Vault count percentage of total count
                 A         B        C        D         E       F
            +---------+---------+-------+---------+---------+-------
      Total |     134 |       8 |   5.6 |      50 |       4 |   7.4
            +---------+---------+-------+---------+---------+-------
        D:1 |      28 |       0 |   0.0 |      17 |       0 |   0.0
        D:2 |      87 |       8 |   8.4 |      25 |       4 |  13.8
        D:3 |      19 |       0 |   0.0 |       8 |       0 |   0.0
            +---------+---------+-------+---------+---------+-------
